AoeStats
← Camo

Nomad

510213418Analyzed
2v2 RM · 14h ago on Sep 30, 2026· 43m 30s· 4 players
Game mode
Random Map
Map size
176×176
Population
200
Speed
Normal
Resources
Standard
Victory
Conquest
Starting age
Dark Age
Ending age
Imperial Age
RankedLock teamsTeams togetherTeam positionsShared explorationLock speedFull tech treeHidden civsTurbo modeCheats
Victory
Defeat
🇨🇱 Franks · Chile
1477
+13
🇺🇸 Mongols · United States
1452
+14
🇨🇴 Vikings · Colombia
1422
-14
🇨🇴 Malay · Colombia
1387
-13
RedMess
3:54 Loom
12:14 Feudal Age
15:54 Castle Age
14:37 Double-Bit Axe
15:10 Fletching
17:13 Bow Saw
17:11 Gold Mining
18:47 Bodkin Arrow
20:45 Ballistics
20:52 Horse Collar
26:28 Padded Archer Armor
27:36 Stone Mining
28:22 Gold Shaft Mining
31:19 Wheelbarrow
31:50 Leather Archer Armor
32:13 Bloodlines
32:03 Husbandry
36:03 Imperial Age
35:07 Thumb Ring
36:53 Hand Cart
36:51 Bracer
39:12 Chemistry
39:14 Parthian Tactics
39:55 Conscription
42:21 Elite Mangudai
NPG | DR@CA
4:59 Loom
14:39 Feudal Age
18:14 Castle Age
16:35 Double-Bit Axe
17:33 Scale Barding Armor
17:46 Gold Mining
36:07 Imperial Age
34:38 Chain Barding Armor
35:40 Husbandry
36:17 Wheelbarrow
36:13 Bow Saw
35:58 Town Watch
36:41 Forging
36:11 Cavalier
37:43 Conscription
38:03 Iron Casting
39:31 Gold Shaft Mining
40:42 Plate Barding Armor
43:16 Paladin
Camo
4:24 Loom
12:45 Feudal Age
13:18 Fishing Lines
13:52 Double-Bit Axe
14:40 Town Watch
19:17 Castle Age
17:45 Gold Mining
19:36 Scale Mail Armor
20:01 Squires
19:22 Pikeman
20:16 Fletching
21:18 Bodkin Arrow
21:36 Gillnets
25:06 Chain Mail Armor
26:30 Ballistics
30:16 Forging
30:07 Elite Skirmisher
31:03 Bow Saw
32:12 Padded Archer Armor
36:05 Leather Archer Armor
43:26 Imperial Age
43:51 Chieftains
NuMa | JuanMan
4:38 Loom
13:49 Feudal Age
17:47 Castle Age
15:58 Fishing Lines
16:51 Scale Barding Armor
17:27 Double-Bit Axe
18:50 Bow Saw
19:28 Gillnets
22:50 Forging
25:16 Husbandry
29:23 Thalassocracy
34:46 Ballistics
38:13 Imperial Age
35:18 Elite Skirmisher
36:08 Padded Archer Armor
36:18 Fletching
37:46 Iron Casting
38:33 Leather Archer Armor
Connection lost

Rejoining the realm…

Still unreachable

The connection could not be restored.

Session expired

The server has moved on; the page needs a fresh start.